Workbook

Sheet Calculator
A2: Payoff Calculator
A5: www.payoff-calculator.info
A7: purchase value: | B7: 300000 | C7: extra payments | E7: payment information
A8: down payment: | B8: 0.25
A9: loan amount: | B9: =IF(ISNUMBER(AND(B7,B8)),B7-(B7*B8)) -> 225000 | C9: periodic: | D9: 0 | E9: periodic payment: | F9: ==IF(A17="","",ROUND(PMT(B$10/VLOOKUP(B12,Data!$A2:$B8,2,0),F$12,-B$9),2)) -> 1519.67
A10: interest rate: | B10: 0.0715 | C10: annually recurring: | D10: 0
A11: loan length: | B11: 30 | C11: date: | D11: =TODAY() -> 45173
A12: pay periodicity: | B12: monthly | C12: one-off lump sum: | D12: 0 | E12: number of periods: | F12: =B11*VLOOKUP(B12,Data!$A2:$B8,2,0) -> 360
A13: start date: | B13: =TODAY() -> 45173 | C13: date: | D13: =TODAY() -> 45173
A14: PERIOD NUMBER: | B14: PAYMENT DATE: | C14: PAID INTEREST: | D14: PAID PRINCIPAL: | E14: EXTRA PAYMENT: | F14: REMAINING BALANCE:
A16: 0 | B16: =B13 -> 45173 | F16: =$B$9 -> 225000
A17: =IF(AND(A16<$F$12,F16>0),A16+1,"") -> 1 | B17: =IF(A17="","",IF(VLOOKUP($B$12,Data!$A$2:$B$8,2,0)<13,EDATE($B$16,A17*12/VLOOKUP($B$12,Data!$A$2:$B$8,2,0)),IF(VLOOKUP($B$12,Data!$A$2:$B$8,2,0)=52,B16+7,B16+14))) -> 45203 | C17: =IF(A17="","",F16*($B$10/VLOOKUP($B$12,Data!$A$2:$B$8,2,0))) -> 1340.625 | D17: =IF(A17="","",IF(F16<$F$9,F16,$F$9-C17)) -> 179.045 | E17: =IF(D17>=F16,"",IF(A17="","",IF($D$9>0,$D$9,0)+IF(AND(DATE(YEAR(B17),MONTH($D$11),DAY($D$11))>B16,DATE(YEAR(B17),MONTH($D$11),DAY($D$11))<=B17),$D$10,0)+IF(AND($D$13>B16,$D$13<=B17),$D$12,0))) -> 0 | F17: =IF(A17="","",IF(D17+E17>F16,F16-F16,F16-D17-E17)) -> 224820.95
A18: =IF(AND(A17<$F$12,F17>0),A17+1,"") -> 2 | B18: =IF(A18="","",IF(VLOOKUP($B$12,Data!$A$2:$B$8,2,0)<13,EDATE($B$16,A18*12/VLOOKUP($B$12,Data!$A$2:$B$8,2,0)),IF(VLOOKUP($B$12,Data!$A$2:$B$8,2,0)=52,B17+7,B17+14))) -> 45234 | C18: =IF(A18="","",F17*($B$10/VLOOKUP($B$12,Data!$A$2:$B$8,2,0))) -> 1339.5582 | D18: =IF(A18="","",IF(F17<$F$9,F17,$F$9-C18)) -> 180.11181 | E18: =IF(D18>=F17,"",IF(A18="","",IF($D$9>0,$D$9,0)+IF(AND(DATE(YEAR(B18),MONTH($D$11),DAY($D$11))>B17,DATE(YEAR(B18),MONTH($D$11),DAY($D$11))<=B18),$D$10,0)+IF(AND($D$13>B17,$D$13<=B18),$D$12,0))) -> 0 | F18: =IF(A18="","",IF(D18+E18>F17,F17-F17,F17-D18-E18)) -> 224640.84
A19: =IF(AND(A18<$F$12,F18>0),A18+1,"") -> 3 | B19: =IF(A19="","",IF(VLOOKUP($B$12,Data!$A$2:$B$8,2,0)<13,EDATE($B$16,A19*12/VLOOKUP($B$12,Data!$A$2:$B$8,2,0)),IF(VLOOKUP($B$12,Data!$A$2:$B$8,2,0)=52,B18+7,B18+14))) -> 45264 | C19: =IF(A19="","",F18*($B$10/VLOOKUP($B$12,Data!$A$2:$B$8,2,0))) -> 1338.485 | D19: =IF(A19="","",IF(F18<$F$9,F18,$F$9-C19)) -> 181.18498 | E19: =IF(D19>=F18,"",IF(A19="","",IF($D$9>0,$D$9,0)+IF(AND(DATE(YEAR(B19),MONTH($D$11),DAY($D$11))>B18,DATE(YEAR(B19),MONTH($D$11),DAY($D$11))<=B19),$D$10,0)+IF(AND($D$13>B18,$D$13<=B19),$D$12,0))) -> 0 | F19: =IF(A19="","",IF(D19+E19>F18,F18-F18,F18-D19-E19)) -> 224459.66
A20: =IF(AND(A19<$F$12,F19>0),A19+1,"") -> 4 | B20: =IF(A20="","",IF(VLOOKUP($B$12,Data!$A$2:$B$8,2,0)<13,EDATE($B$16,A20*12/VLOOKUP($B$12,Data!$A$2:$B$8,2,0)),IF(VLOOKUP($B$12,Data!$A$2:$B$8,2,0)=52,B19+7,B19+14))) -> 45295 | C20: =IF(A20="","",F19*($B$10/VLOOKUP($B$12,Data!$A$2:$B$8,2,0))) -> 1337.4055 | D20: =IF(A20="","",IF(F19<$F$9,F19,$F$9-C20)) -> 182.26454 | E20: =IF(D20>=F19,"",IF(A20="","",IF($D$9>0,$D$9,0)+IF(AND(DATE(YEAR(B20),MONTH($D$11),DAY($D$11))>B19,DATE(YEAR(B20),MONTH($D$11),DAY($D$11))<=B20),$D$10,0)+IF(AND($D$13>B19,$D$13<=B20),$D$12,0))) -> 0 | F20: =IF(A20="","",IF(D20+E20>F19,F19-F19,F19-D20-E20)) -> 224277.39
A21: =IF(AND(A20<$F$12,F20>0),A20+1,"") -> 5 | B21: =IF(A21="","",IF(VLOOKUP($B$12,Data!$A$2:$B$8,2,0)<13,EDATE($B$16,A21*12/VLOOKUP($B$12,Data!$A$2:$B$8,2,0)),IF(VLOOKUP($B$12,Data!$A$2:$B$8,2,0)=52,B20+7,B20+14))) -> 45326 | C21: =IF(A21="","",F20*($B$10/VLOOKUP($B$12,Data!$A$2:$B$8,2,0))) -> 1336.3195 | D21: =IF(A21="","",IF(F20<$F$9,F20,$F$9-C21)) -> 183.35053 | E21: =IF(D21>=F20,"",IF(A21="","",IF($D$9>0,$D$9,0)+IF(AND(DATE(YEAR(B21),MONTH($D$11),DAY($D$11))>B20,DATE(YEAR(B21),MONTH($D$11),DAY($D$11))<=B21),$D$10,0)+IF(AND($D$13>B20,$D$13<=B21),$D$12,0))) -> 0 | F21: =IF(A21="","",IF(D21+E21>F20,F20-F20,F20-D21-E21)) -> 224094.04
A22: =IF(AND(A21<$F$12,F21>0),A21+1,"") -> 6 | B22: =IF(A22="","",IF(VLOOKUP($B$12,Data!$A$2:$B$8,2,0)<13,EDATE($B$16,A22*12/VLOOKUP($B$12,Data!$A$2:$B$8,2,0)),IF(VLOOKUP($B$12,Data!$A$2:$B$8,2,0)=52,B21+7,B21+14))) -> 45355 | C22: =IF(A22="","",F21*($B$10/VLOOKUP($B$12,Data!$A$2:$B$8,2,0))) -> 1335.227 | D22: =IF(A22="","",IF(F21<$F$9,F21,$F$9-C22)) -> 184.44299 | E22: =IF(D22>=F21,"",IF(A22="","",IF($D$9>0,$D$9,0)+IF(AND(DATE(YEAR(B22),MONTH($D$11),DAY($D$11))>B21,DATE(YEAR(B22),MONTH($D$11),DAY($D$11))<=B22),$D$10,0)+IF(AND($D$13>B21,$D$13<=B22),$D$12,0))) -> 0 | F22: =IF(A22="","",IF(D22+E22>F21,F21-F21,F21-D22-E22)) -> 223909.6
A23: =IF(AND(A22<$F$12,F22>0),A22+1,"") -> 7 | B23: =IF(A23="","",IF(VLOOKUP($B$12,Data!$A$2:$B$8,2,0)<13,EDATE($B$16,A23*12/VLOOKUP($B$12,Data!$A$2:$B$8,2,0)),IF(VLOOKUP($B$12,Data!$A$2:$B$8,2,0)=52,B22+7,B22+14))) -> 45386 | C23: =IF(A23="","",F22*($B$10/VLOOKUP($B$12,Data!$A$2:$B$8,2,0))) -> 1334.128 | D23: =IF(A23="","",IF(F22<$F$9,F22,$F$9-C23)) -> 185.54197 | E23: =IF(D23>=F22,"",IF(A23="","",IF($D$9>0,$D$9,0)+IF(AND(DATE(YEAR(B23),MONTH($D$11),DAY($D$11))>B22,DATE(YEAR(B23),MONTH($D$11),DAY($D$11))<=B23),$D$10,0)+IF(AND($D$13>B22,$D$13<=B23),$D$12,0))) -> 0 | F23: =IF(A23="","",IF(D23+E23>F22,F22-F22,F22-D23-E23)) -> 223724.06
A24: =IF(AND(A23<$F$12,F23>0),A23+1,"") -> 8 | B24: =IF(A24="","",IF(VLOOKUP($B$12,Data!$A$2:$B$8,2,0)<13,EDATE($B$16,A24*12/VLOOKUP($B$12,Data!$A$2:$B$8,2,0)),IF(VLOOKUP($B$12,Data!$A$2:$B$8,2,0)=52,B23+7,B23+14))) -> 45416 | C24: =IF(A24="","",F23*($B$10/VLOOKUP($B$12,Data!$A$2:$B$8,2,0))) -> 1333.0225 | D24: =IF(A24="","",IF(F23<$F$9,F23,$F$9-C24)) -> 186.64749 | E24: =IF(D24>=F23,"",IF(A24="","",IF($D$9>0,$D$9,0)+IF(AND(DATE(YEAR(B24),MONTH($D$11),DAY($D$11))>B23,DATE(YEAR(B24),MONTH($D$11),DAY($D$11))<=B24),$D$10,0)+IF(AND($D$13>B23,$D$13<=B24),$D$12,0))) -> 0 | F24: =IF(A24="","",IF(D24+E24>F23,F23-F23,F23-D24-E24)) -> 223537.41
A25: =IF(AND(A24<$F$12,F24>0),A24+1,"") -> 9 | B25: =IF(A25="","",IF(VLOOKUP($B$12,Data!$A$2:$B$8,2,0)<13,EDATE($B$16,A25*12/VLOOKUP($B$12,Data!$A$2:$B$8,2,0)),IF(VLOOKUP($B$12,Data!$A$2:$B$8,2,0)=52,B24+7,B24+14))) -> 45447 | C25: =IF(A25="","",F24*($B$10/VLOOKUP($B$12,Data!$A$2:$B$8,2,0))) -> 1331.9104 | D25: =IF(A25="","",IF(F24<$F$9,F24,$F$9-C25)) -> 187.75959 | E25: =IF(D25>=F24,"",IF(A25="","",IF($D$9>0,$D$9,0)+IF(AND(DATE(YEAR(B25),MONTH($D$11),DAY($D$11))>B24,DATE(YEAR(B25),MONTH($D$11),DAY($D$11))<=B25),$D$10,0)+IF(AND($D$13>B24,$D$13<=B25),$D$12,0))) -> 0 | F25: =IF(A25="","",IF(D25+E25>F24,F24-F24,F24-D25-E25)) -> 223349.65
A26: =IF(AND(A25<$F$12,F25>0),A25+1,"") -> 10 | B26: =IF(A26="","",IF(VLOOKUP($B$12,Data!$A$2:$B$8,2,0)<13,EDATE($B$16,A26*12/VLOOKUP($B$12,Data!$A$2:$B$8,2,0)),IF(VLOOKUP($B$12,Data!$A$2:$B$8,2,0)=52,B25+7,B25+14))) -> 45477 | C26: =IF(A26="","",F25*($B$10/VLOOKUP($B$12,Data!$A$2:$B$8,2,0))) -> 1330.7917 | D26: =IF(A26="","",IF(F25<$F$9,F25,$F$9-C26)) -> 188.87833 | E26: =IF(D26>=F25,"",IF(A26="","",IF($D$9>0,$D$9,0)+IF(AND(DATE(YEAR(B26),MONTH($D$11),DAY($D$11))>B25,DATE(YEAR(B26),MONTH($D$11),DAY($D$11))<=B26),$D$10,0)+IF(AND($D$13>B25,$D$13<=B26),$D$12,0))) -> 0 | F26: =IF(A26="","",IF(D26+E26>F25,F25-F25,F25-D26-E26)) -> 223160.77
A27: =IF(AND(A26<$F$12,F26>0),A26+1,"") -> 11 | B27: =IF(A27="","",IF(VLOOKUP($B$12,Data!$A$2:$B$8,2,0)<13,EDATE($B$16,A27*12/VLOOKUP($B$12,Data!$A$2:$B$8,2,0)),IF(VLOOKUP($B$12,Data!$A$2:$B$8,2,0)=52,B26+7,B26+14))) -> 45508 | C27: =IF(A27="","",F26*($B$10/VLOOKUP($B$12,Data!$A$2:$B$8,2,0))) -> 1329.6663 | D27: =IF(A27="","",IF(F26<$F$9,F26,$F$9-C27)) -> 190.00373 | E27: =IF(D27>=F26,"",IF(A27="","",IF($D$9>0,$D$9,0)+IF(AND(DATE(YEAR(B27),MONTH($D$11),DAY($D$11))>B26,DATE(YEAR(B27),MONTH($D$11),DAY($D$11))<=B27),$D$10,0)+IF(AND($D$13>B26,$D$13<=B27),$D$12,0))) -> 0 | F27: =IF(A27="","",IF(D27+E27>F26,F26-F26,F26-D27-E27)) -> 222970.77
A28: =IF(AND(A27<$F$12,F27>0),A27+1,"") -> 12 | B28: =IF(A28="","",IF(VLOOKUP($B$12,Data!$A$2:$B$8,2,0)<13,EDATE($B$16,A28*12/VLOOKUP($B$12,Data!$A$2:$B$8,2,0)),IF(VLOOKUP($B$12,Data!$A$2:$B$8,2,0)=52,B27+7,B27+14))) -> 45539 | C28: =IF(A28="","",F27*($B$10/VLOOKUP($B$12,Data!$A$2:$B$8,2,0))) -> 1328.5342 | D28: =IF(A28="","",IF(F27<$F$9,F27,$F$9-C28)) -> 191.13583 | E28: =IF(D28>=F27,"",IF(A28="","",IF($D$9>0,$D$9,0)+IF(AND(DATE(YEAR(B28),MONTH($D$11),DAY($D$11))>B27,DATE(YEAR(B28),MONTH($D$11),DAY($D$11))<=B28),$D$10,0)+IF(AND($D$13>B27,$D$13<=B28),$D$12,0))) -> 0 | F28: =IF(A28="","",IF(D28+E28>F27,F27-F27,F27-D28-E28)) -> 222779.63
... A311: =IF(AND(A310<$F$12,F310>0),A310+1,"") -> 295 | B311: =IF(A311="","",IF(VLOOKUP($B$12,Data!$A$2:$B$8,2,0)<13,EDATE($B$16,A311*12/VLOOKUP($B$12,Data!$A$2:$B$8,2,0)),IF(VLOOKUP($B$12,Data!$A$2:$B$8,2,0)=52,B310+7,B310+14))) -> 54152 | C311: =IF(A311="","",F310*($B$10/VLOOKUP($B$12,Data!$A$2:$B$8,2,0))) -> 492.88375 | D311: =IF(A311="","",IF(F310<$F$9,F310,$F$9-C311)) -> 1026.7862 | E311: =IF(D311>=F310,"",IF(A311="","",IF($D$9>0,$D$9,0)+IF(AND(DATE(YEAR(B311),MONTH($D$11),DAY($D$11))>B310,DATE(YEAR(B311),MONTH($D$11),DAY($D$11))<=B311),$D$10,0)+IF(AND($D$13>B310,$D$13<=B311),$D$12,0))) -> 0 | F311: =IF(A311="","",IF(D311+E311>F310,F310-F310,F310-D311-E311)) -> 81694.963
A312: =IF(AND(A311<$F$12,F311>0),A311+1,"") -> 296 | B312: =IF(A312="","",IF(VLOOKUP($B$12,Data!$A$2:$B$8,2,0)<13,EDATE($B$16,A312*12/VLOOKUP($B$12,Data!$A$2:$B$8,2,0)),IF(VLOOKUP($B$12,Data!$A$2:$B$8,2,0)=52,B311+7,B311+14))) -> 54182 | C312: =IF(A312="","",F311*($B$10/VLOOKUP($B$12,Data!$A$2:$B$8,2,0))) -> 486.76582 | D312: =IF(A312="","",IF(F311<$F$9,F311,$F$9-C312)) -> 1032.9042 | E312: =IF(D312>=F311,"",IF(A312="","",IF($D$9>0,$D$9,0)+IF(AND(DATE(YEAR(B312),MONTH($D$11),DAY($D$11))>B311,DATE(YEAR(B312),MONTH($D$11),DAY($D$11))<=B312),$D$10,0)+IF(AND($D$13>B311,$D$13<=B312),$D$12,0))) -> 0 | F312: =IF(A312="","",F311-D312-E312) -> 80662.059
A313: =IF(AND(A312<$F$12,F312>0),A312+1,"") -> 297 | B313: =IF(A313="","",IF(VLOOKUP($B$12,Data!$A$2:$B$8,2,0)<13,EDATE($B$16,A313*12/VLOOKUP($B$12,Data!$A$2:$B$8,2,0)),IF(VLOOKUP($B$12,Data!$A$2:$B$8,2,0)=52,B312+7,B312+14))) -> 54213 | C313: =IF(A313="","",F312*($B$10/VLOOKUP($B$12,Data!$A$2:$B$8,2,0))) -> 480.61143 | D313: =IF(A313="","",IF(F312<$F$9,F312,$F$9-C313)) -> 1039.0586 | E313: =IF(D313>=F312,"",IF(A313="","",IF($D$9>0,$D$9,0)+IF(AND(DATE(YEAR(B313),MONTH($D$11),DAY($D$11))>B312,DATE(YEAR(B313),MONTH($D$11),DAY($D$11))<=B313),$D$10,0)+IF(AND($D$13>B312,$D$13<=B313),$D$12,0))) -> 0 | F313: =IF(A313="","",F312-D313-E313) -> 79623
A314: =IF(AND(A313<$F$12,F313>0),A313+1,"") -> 298 | B314: =IF(A314="","",IF(VLOOKUP($B$12,Data!$A$2:$B$8,2,0)<13,EDATE($B$16,A314*12/VLOOKUP($B$12,Data!$A$2:$B$8,2,0)),IF(VLOOKUP($B$12,Data!$A$2:$B$8,2,0)=52,B313+7,B313+14))) -> 54243 | C314: =IF(A314="","",F313*($B$10/VLOOKUP($B$12,Data!$A$2:$B$8,2,0))) -> 474.42037 | D314: =IF(A314="","",IF(F313<$F$9,F313,$F$9-C314)) -> 1045.2496 | E314: =IF(D314>=F313,"",IF(A314="","",IF($D$9>0,$D$9,0)+IF(AND(DATE(YEAR(B314),MONTH($D$11),DAY($D$11))>B313,DATE(YEAR(B314),MONTH($D$11),DAY($D$11))<=B314),$D$10,0)+IF(AND($D$13>B313,$D$13<=B314),$D$12,0))) -> 0 | F314: =IF(A314="","",F313-D314-E314) -> 78577.75
A315: =IF(AND(A314<$F$12,F314>0),A314+1,"") -> 299 | B315: =IF(A315="","",IF(VLOOKUP($B$12,Data!$A$2:$B$8,2,0)<13,EDATE($B$16,A315*12/VLOOKUP($B$12,Data!$A$2:$B$8,2,0)),IF(VLOOKUP($B$12,Data!$A$2:$B$8,2,0)=52,B314+7,B314+14))) -> 54274 | C315: =IF(A315="","",F314*($B$10/VLOOKUP($B$12,Data!$A$2:$B$8,2,0))) -> 468.19243 | D315: =IF(A315="","",IF(F314<$F$9,F314,$F$9-C315)) -> 1051.4776 | E315: =IF(D315>=F314,"",IF(A315="","",IF($D$9>0,$D$9,0)+IF(AND(DATE(YEAR(B315),MONTH($D$11),DAY($D$11))>B314,DATE(YEAR(B315),MONTH($D$11),DAY($D$11))<=B315),$D$10,0)+IF(AND($D$13>B314,$D$13<=B315),$D$12,0))) -> 0 | F315: =IF(A315="","",F314-D315-E315) -> 77526.273
A316: =IF(AND(A315<$F$12,F315>0),A315+1,"") -> 300 | B316: =IF(A316="","",IF(VLOOKUP($B$12,Data!$A$2:$B$8,2,0)<13,EDATE($B$16,A316*12/VLOOKUP($B$12,Data!$A$2:$B$8,2,0)),IF(VLOOKUP($B$12,Data!$A$2:$B$8,2,0)=52,B315+7,B315+14))) -> 54305 | C316: =IF(A316="","",F315*($B$10/VLOOKUP($B$12,Data!$A$2:$B$8,2,0))) -> 461.92738 | D316: =IF(A316="","",IF(F315<$F$9,F315,$F$9-C316)) -> 1057.7426 | E316: =IF(D316>=F315,"",IF(A316="","",IF($D$9>0,$D$9,0)+IF(AND(DATE(YEAR(B316),MONTH($D$11),DAY($D$11))>B315,DATE(YEAR(B316),MONTH($D$11),DAY($D$11))<=B316),$D$10,0)+IF(AND($D$13>B315,$D$13<=B316),$D$12,0))) -> 0 | F316: =IF(A316="","",F315-D316-E316) -> 76468.53
A317: =IF(AND(A316<$F$12,F316>0),A316+1,"") -> 301 | B317: =IF(A317="","",IF(VLOOKUP($B$12,Data!$A$2:$B$8,2,0)<13,EDATE($B$16,A317*12/VLOOKUP($B$12,Data!$A$2:$B$8,2,0)),IF(VLOOKUP($B$12,Data!$A$2:$B$8,2,0)=52,B316+7,B316+14))) -> 54335 | C317: =IF(A317="","",F316*($B$10/VLOOKUP($B$12,Data!$A$2:$B$8,2,0))) -> 455.62499 | D317: =IF(A317="","",IF(F316<$F$9,F316,$F$9-C317)) -> 1064.045 | E317: =IF(D317>=F316,"",IF(A317="","",IF($D$9>0,$D$9,0)+IF(AND(DATE(YEAR(B317),MONTH($D$11),DAY($D$11))>B316,DATE(YEAR(B317),MONTH($D$11),DAY($D$11))<=B317),$D$10,0)+IF(AND($D$13>B316,$D$13<=B317),$D$12,0))) -> 0 | F317: =IF(A317="","",F316-D317-E317) -> 75404.485
A318: =IF(AND(A317<$F$12,F317>0),A317+1,"") -> 302 | B318: =IF(A318="","",IF(VLOOKUP($B$12,Data!$A$2:$B$8,2,0)<13,EDATE($B$16,A318*12/VLOOKUP($B$12,Data!$A$2:$B$8,2,0)),IF(VLOOKUP($B$12,Data!$A$2:$B$8,2,0)=52,B317+7,B317+14))) -> 54366 | C318: =IF(A318="","",F317*($B$10/VLOOKUP($B$12,Data!$A$2:$B$8,2,0))) -> 449.28506 | D318: =IF(A318="","",IF(F317<$F$9,F317,$F$9-C318)) -> 1070.3849 | E318: =IF(D318>=F317,"",IF(A318="","",IF($D$9>0,$D$9,0)+IF(AND(DATE(YEAR(B318),MONTH($D$11),DAY($D$11))>B317,DATE(YEAR(B318),MONTH($D$11),DAY($D$11))<=B318),$D$10,0)+IF(AND($D$13>B317,$D$13<=B318),$D$12,0))) -> 0 | F318: =IF(A318="","",F317-D318-E318) -> 74334.1
A319: =IF(AND(A318<$F$12,F318>0),A318+1,"") -> 303 | B319: =IF(A319="","",IF(VLOOKUP($B$12,Data!$A$2:$B$8,2,0)<13,EDATE($B$16,A319*12/VLOOKUP($B$12,Data!$A$2:$B$8,2,0)),IF(VLOOKUP($B$12,Data!$A$2:$B$8,2,0)=52,B318+7,B318+14))) -> 54396 | C319: =IF(A319="","",F318*($B$10/VLOOKUP($B$12,Data!$A$2:$B$8,2,0))) -> 442.90735 | D319: =IF(A319="","",IF(F318<$F$9,F318,$F$9-C319)) -> 1076.7627 | E319: =IF(D319>=F318,"",IF(A319="","",IF($D$9>0,$D$9,0)+IF(AND(DATE(YEAR(B319),MONTH($D$11),DAY($D$11))>B318,DATE(YEAR(B319),MONTH($D$11),DAY($D$11))<=B319),$D$10,0)+IF(AND($D$13>B318,$D$13<=B319),$D$12,0))) -> 0 | F319: =IF(A319="","",F318-D319-E319) -> 73257.338
A320: =IF(AND(A319<$F$12,F319>0),A319+1,"") -> 304 | B320: =IF(A320="","",IF(VLOOKUP($B$12,Data!$A$2:$B$8,2,0)<13,EDATE($B$16,A320*12/VLOOKUP($B$12,Data!$A$2:$B$8,2,0)),IF(VLOOKUP($B$12,Data!$A$2:$B$8,2,0)=52,B319+7,B319+14))) -> 54427 | C320: =IF(A320="","",F319*($B$10/VLOOKUP($B$12,Data!$A$2:$B$8,2,0))) -> 436.49164 | D320: =IF(A320="","",IF(F319<$F$9,F319,$F$9-C320)) -> 1083.1784 | E320: =IF(D320>=F319,"",IF(A320="","",IF($D$9>0,$D$9,0)+IF(AND(DATE(YEAR(B320),MONTH($D$11),DAY($D$11))>B319,DATE(YEAR(B320),MONTH($D$11),DAY($D$11))<=B320),$D$10,0)+IF(AND($D$13>B319,$D$13<=B320),$D$12,0))) -> 0 | F320: =IF(A320="","",F319-D320-E320) -> 72174.159
A321: =IF(AND(A320<$F$12,F320>0),A320+1,"") -> 305 | B321: =IF(A321="","",IF(VLOOKUP($B$12,Data!$A$2:$B$8,2,0)<13,EDATE($B$16,A321*12/VLOOKUP($B$12,Data!$A$2:$B$8,2,0)),IF(VLOOKUP($B$12,Data!$A$2:$B$8,2,0)=52,B320+7,B320+14))) -> 54458 | C321: =IF(A321="","",F320*($B$10/VLOOKUP($B$12,Data!$A$2:$B$8,2,0))) -> 430.0377 | D321: =IF(A321="","",IF(F320<$F$9,F320,$F$9-C321)) -> 1089.6323 | E321: =IF(D321>=F320,"",IF(A321="","",IF($D$9>0,$D$9,0)+IF(AND(DATE(YEAR(B321),MONTH($D$11),DAY($D$11))>B320,DATE(YEAR(B321),MONTH($D$11),DAY($D$11))<=B321),$D$10,0)+IF(AND($D$13>B320,$D$13<=B321),$D$12,0))) -> 0 | F321: =IF(A321="","",F320-D321-E321) -> 71084.527
A322: =IF(AND(A321<$F$12,F321>0),A321+1,"") -> 306 | B322: =IF(A322="","",IF(VLOOKUP($B$12,Data!$A$2:$B$8,2,0)<13,EDATE($B$16,A322*12/VLOOKUP($B$12,Data!$A$2:$B$8,2,0)),IF(VLOOKUP($B$12,Data!$A$2:$B$8,2,0)=52,B321+7,B321+14))) -> 54486 | C322: =IF(A322="","",F321*($B$10/VLOOKUP($B$12,Data!$A$2:$B$8,2,0))) -> 423.54531 | D322: =IF(A322="","",IF(F321<$F$9,F321,$F$9-C322)) -> 1096.1247 | E322: =IF(D322>=F321,"",IF(A322="","",IF($D$9>0,$D$9,0)+IF(AND(DATE(YEAR(B322),MONTH($D$11),DAY($D$11))>B321,DATE(YEAR(B322),MONTH($D$11),DAY($D$11))<=B322),$D$10,0)+IF(AND($D$13>B321,$D$13<=B322),$D$12,0))) -> 0 | F322: =IF(A322="","",F321-D322-E322) -> 69988.402
A323: =IF(AND(A322<$F$12,F322>0),A322+1,"") -> 307 | B323: =IF(A323="","",IF(VLOOKUP($B$12,Data!$A$2:$B$8,2,0)<13,EDATE($B$16,A323*12/VLOOKUP($B$12,Data!$A$2:$B$8,2,0)),IF(VLOOKUP($B$12,Data!$A$2:$B$8,2,0)=52,B322+7,B322+14))) -> 54517 | C323: =IF(A323="","",F322*($B$10/VLOOKUP($B$12,Data!$A$2:$B$8,2,0))) -> 417.01423 | D323: =IF(A323="","",IF(F322<$F$9,F322,$F$9-C323)) -> 1102.6558 | E323: =IF(D323>=F322,"",IF(A323="","",IF($D$9>0,$D$9,0)+IF(AND(DATE(YEAR(B323),MONTH($D$11),DAY($D$11))>B322,DATE(YEAR(B323),MONTH($D$11),DAY($D$11))<=B323),$D$10,0)+IF(AND($D$13>B322,$D$13<=B323),$D$12,0))) -> 0 | F323: =IF(A323="","",F322-D323-E323) -> 68885.746
... A1576: =IF(AND(A1575<$F$12,F1575>0),A1575+1,"") -> #VALUE! | B1576: =IF(A1576="","",IF(VLOOKUP($B$12,Data!$A$2:$B$8,2,0)<13,EDATE($B$16,A1576*12/VLOOKUP($B$12,Data!$A$2:$B$8,2,0)),IF(VLOOKUP($B$12,Data!$A$2:$B$8,2,0)=52,B1575+7,B1575+14))) -> #VALUE! | C1576: =IF(A1576="","",F1575*($B$10/VLOOKUP($B$12,Data!$A$2:$B$8,2,0))) -> #VALUE! | D1576: =IF(A1576="","",IF(F1575<$F$9,F1575,$F$9-C1576)) -> #VALUE! | E1576: =IF(D1576>=F1575,"",IF(A1576="","",IF($D$9>0,$D$9,0)+IF(AND(DATE(YEAR(B1576),MONTH($D$11),DAY($D$11))>B1575,DATE(YEAR(B1576),MONTH($D$11),DAY($D$11))<=B1576),$D$10,0)+IF(AND($D$13>B1575,$D$13<=B1576),$D$12,0))) -> #VALUE! | F1576: =IF(A1576="","",F1575-D1576-E1576) -> #VALUE!

Sheet Data
A1: periodicity:
A2: weekly | B2: 52
A3: bi-weekly | B3: 36
A4: monthly | B4: 12
A5: bi-monthly | B5: 6
A6: quarterly | B6: 3
A7: semi-annually | B7: 2
A8: annually | B8: 1
